 Dungeon Crawl Stone Soup version 0.23-a0-407-g92528d7c89 (console) character file.

14198 Gottschkopf the Fighter (level 11, -23/104 HPs)
             Began as a Purple Draconian Transmuter on Nov 7, 2018.
             Was a High Priest of Cheibriados.
             Annihilated by an enormous slime creature (79 damage)
             ... on level 12 of the Dungeon.
             The game lasted 00:41:37 (9735 turns).

Gottschkopf the Fighter (DrTm)                      Turns: 9735, Time: 00:41:37

Health: -23/104    AC: 13    Str: 27    XL:     11   Next: 85%
Magic:  26/30      EV: 36    Int: 34    God:    Cheibriados [*****.]
Gold:   440        SH:  0    Dex: 29    Spells: 12/23 levels left

rFire    . . .     SeeInvis .     - Unarmed
rCold    . . .     Gourm    .   (shield currently unavailable)
rNeg     . . .     Faith    .   (armour unavailable)
rPois    +         Spirit   .   I - +3 hat of Pondering {ponderous, MR+ MP+10 Int+5}
rElec    .         Reflect  .   d - +2 cloak
rCorr    .         Harm     .   (gloves currently unavailable)
MR       ++...                  (no boots)
Stlth    ++........             j - amulet of the acrobat
HPRegen  0.67/turn              b - ring of poison resistance
MPRegen  0.22/turn              f - +2 ring of dexterity

@: blade hands, very slow
A: breathe power, unfitting armour, antennae 1, regeneration 1, cold-blooded, AC
+7
a: Breathe Dispelling Energy, End Transformation, Bend Time, Temporal
Distortion, Slouch, Step From Time, Renounce Religion


You were on level 12 of the Dungeon.
You worshipped Cheibriados.
Cheibriados was extremely pleased with you.
You were hungry.
You had blades for hands.
You visited 1 branch of the dungeon, and saw 12 of its levels.
You also visited: Labyrinth.

You collected 542 gold pieces.
You spent 102 gold pieces at shops.

Inventory:

Missiles
 a - 272 arrows
 M - 21 javelins of penetration (quivered)
Armour
 d - a +2 cloak (worn)
 p - a +2 pair of gloves (melded)
 E - a +2 shield
 I - the +3 hat of Pondering (worn) {ponderous, MR+ MP+10 Int+5}
   (You took it off Gastronok on level 9 of the Dungeon)

   It affects your intelligence (+5).
   It affects your resistance to hostile enchantments.
   It affects your magic capacity (+10).
 N - the +5 buckler of Xaock {rF- MR+ Int+4 SInv}
   (You found it in a labyrinth)

   It affects your intelligence (+4).
   It makes you vulnerable to fire.
   It affects your resistance to hostile enchantments.
   It lets you see invisible.
Magical Staves
 O - an uncursed staff of conjuration
Jewellery
 b - a ring of poison resistance (left scythe-like blade)
 f - a +2 ring of dexterity (right scythe-like blade)
 j - an amulet of the acrobat (around neck)
 m - an uncursed ring of fire
 r - an uncursed ring of resist corrosion
 H - an uncursed ring of poison resistance
 L - an uncursed ring of see invisible
Wands
 x - a wand of disintegration (3)
 y - a wand of scattershot (7)
 D - a wand of polymorph (12)
 F - a wand of paralysis (6)
 J - a wand of iceblast (4)
Scrolls
 e - 2 scrolls of magic mapping
 g - 7 scrolls of teleportation
 o - 2 scrolls of fog
 q - 3 scrolls of remove curse
 s - 2 scrolls of enchant weapon
 t - 5 scrolls of fear
 u - 4 scrolls of amnesia
 v - 2 scrolls of identify
Potions
 h - 3 potions of lignification
 i - 2 potions of berserk rage
 k - 9 potions of curing
 l - 2 potions of agility
 n - a potion of heal wounds
 w - a potion of haste
 z - a potion of invisibility
 A - 2 potions of flight
 B - a potion of mutation
 C - a potion of cancellation
 G - a potion of might
Comestibles
 c - 21 rations
 K - 2 chunks of flesh


   Skills:
 - Level 12.0 Fighting
 + Level 8.1 Dodging
 - Level 9.1 Unarmed Combat
 - Level 6.6 Spellcasting
 - Level 9.0 Transmutations


You had 12 spell levels left.
You knew the following spells:

 Your Spells              Type           Power        Failure   Level  Hunger
a - Beastly Appendage     Tmut           ######       7%          1    None
b - Spider Form           Tmut/Pois      #####.....   21%         3    None
c - Blade Hands           Tmut           ######....   24%         5    ####...
d - Blink                 Tloc           N/A          36%         2    None

Your spell library contained the following spells:

 Spells                   Type           Power        Failure   Level  Hunger
 Sticks to Snakes         Tmut           ######..     8%          2    None
 Corona                   Hex            ##.....      28%         1    None
 Ensorcelled Hibernation  Hex/Ice        ##....       36%         2    None
 Shroud of Golubria       Chrm/Tloc      ##........   36%         2    None
 Ice Form                 Ice/Tmut       #####...     36%         4    ##.....
 Confuse                  Hex            ##......     50%         3    None
 Dazzling Spray           Conj/Hex       ##....       50%         3    None
 Gell's Gravitas          Tloc           ##........   50%         3    None
 Lesser Beckoning         Tloc           ##........   50%         3    None
 Teleport Other           Tloc           ##......     50%         3    None
 Tukima's Dance           Hex            ##......     50%         3    None
 Passage of Golubria      Tloc           N/A          78%         4    ##.....


Dungeon Overview and Level Annotations

Branches:
Dungeon (12/15)            Temple (0/1) D:6            Lair (0/6) D:11
    Orc (0/2) D:11

Altars:
Ashenzari
Cheibriados
Dithmenos
Elyvilon
Hepliaklqana
Kikubaaqudgha
Okawaru
Sif Muna
Trog
Uskayaw
Xom
The Shining One

Shops:
D:6 =(!}!

Annotations:
D:11 3 runed doors, tmwh's ghost, journeyman GnSk


Innate Abilities, Weirdness & Mutations

You can breathe bolts of dispelling energy.
Your rich purple scales are hard. (AC +7)
You cannot fit into any form of body armour.
You are cold-blooded and may be slowed by cold attacks.
You have a pair of small antennae on your head.
Your natural rate of healing is unusually fast.


Message History

The hound closely misses you. The hound completely misses you. x2
The troll closely misses you. x2; The troll claws you.
The hound completely misses you. The troll bites you!
The troll completely misses you. x2
The slime creature completely misses you.
The hound misses you.
A very large slime creature splits.
The slime creature completely misses you.
The troll completely misses you. x3
The hound closely misses you.
Two slime creatures merge to form a very large slime creature.
Casting: Blink (safe; 6% risk of failure)
Confirm with . or Enter, or press ? or * to list all spells.
Your hands turn into razor-sharp scythe blades.
Your +2 pair of gloves melds into your body.
You are feeling hungry.
Two slime creatures merge to form an enormous slime creature.
The enormous slime creature completely misses you.
The enormous slime creature hits you!!!!
Ouch! That really hurt!
You die...

... ###..................#
...# #....(...............#
....###.#....#............##
#..#...[...##..........##
.###...#.....###.#########
....#.##.#.### #h#
......##.#.#####T#
.....h........##J#
.....##....##.##@#
.....##>#.###....#
.................#
..........#####..#
....#....... #..#
.......#..#.##....#
.......#.##..........
##.......# #...........
#..##...##............


You could see an enormous slime creature, a troll and a hound.

Vanquished Creatures
  Gastronok (D:9)
  A minotaur (Lab)
  A manticore (D:11)
  2 ugly things (D:11)
  A centaur zombie (D:10)
  3 kobold demonologists
  A troll (D:9)
  Prince Ribbit (D:7)
  2 hippogriffs
  A spriggan (D:7)
  26 yaks
  A wraith (D:10)
  2 hungry ghosts (D:10)
  A two-headed ogre zombie (D:11)
  A water moccasin (D:9)
  3 orc warriors
  2 sky beasts
  A black bear (D:11)
  4 ice beasts
  3 phantoms (D:11)
  5 centaurs
  2 ogres (D:4)
  A crocodile (D:7)
  3 big kobolds (D:10)
  6 bullfrogs
  A wyvern zombie (D:6)
  A scorpion (D:4)
  3 killer bees (D:11)
  4 wights (D:10)
  2 howler monkeys
  5 crimson imps
  A bullfrog zombie (D:9)
  4 jellies
  An orc priest (D:7)
  2 bullfrog skeletons
  6 hounds
  Crazy Yiuf (D:5)
  3 orc wizards
  Jessica (D:3)
  2 iguanas
  4 worker ants
  7 ogre zombies (D:11)
  A hound zombie (D:5)
  A worker ant zombie (D:9)
  7 gnolls
  A howler monkey skeleton (D:5)
  19 adders
  4 shadow imps
  3 worms
  A dart slug (D:1)
  2 leopard geckos
  23 orcs
  2 ball pythons (D:2)
  6 giant cockroaches
  6 goblins
  7 hobgoblins
  6 jackals
  10 kobolds
  7 quokkas
  4 bats
  4 frilled lizards
  2 goblin skeletons (D:11)
  5 goblin zombies (D:11)
  A hobgoblin skeleton (D:11)
  A hobgoblin zombie (D:11)
  2 orc skeletons (D:11)
  14 orc zombies (D:11)
  2 quokka skeletons
  2 quokka zombies (D:6)
  7 rats
273 creatures vanquished.

Vanquished Creatures (others)
  2 jackals (D:10)
2 creatures vanquished.

Grand Total: 275 creatures vanquished

Notes
Turn   | Place    | Note
-------+----------+-------------------------------------------
     0 | D:1      | Gottschkopf the Draconian Transmuter began the quest for
                  | the Orb.
     0 | D:1      | Reached XP level 1. HP: 16/16 MP: 3/3
   117 | D:1      | Reached XP level 2. HP: 21/23 MP: 1/5
   781 | D:2      | Found a shimmering altar of Xom.
   796 | D:2      | Found an iron altar of Okawaru.
   880 | D:2      | Reached XP level 3. HP: 24/28 MP: 4/6
   885 | D:2      | Learned a level 3 spell: Spider Form
  1514 | D:2      | Reached XP level 4. HP: 33/35 MP: 5/7
  1748 | D:2      | Reached skill level 5 in Transmutations
  1931 | D:2      | Reached XP level 5. HP: 18/40 MP: 8/8
  2157 | D:3      | Found a snail-covered altar of Cheibriados.
  2163 | D:3      | Became a worshipper of Cheibriados the Contemplative
  2384 | D:3      | Gained mutation: Your natural rate of healing is unusually
                  | fast. [potion of mutation]
  2384 | D:3      | Gained mutation: You have a pair of small antennae on your
                  | head. [potion of mutation]
  2410 | D:3      | Found a white marble altar of Elyvilon.
  2527 | D:3      | Noticed Jessica
  2598 | D:3      | Killed Jessica
  2609 | D:3      | Found a deep blue altar of Sif Muna.
  3000 | D:4      | Reached XP level 6. HP: 46/47 MP: 9/9
  3019 | D:4      | Reached * piety under Cheibriados
  3325 | D:4      | Found an ancient bone altar of Kikubaaqudgha.
  3698 | D:4      | Your scales start taking on a rich purple colour.
  3698 | D:4      | Reached XP level 7. HP: 52/52 MP: 6/10
  3825 | D:5      | Entered Level 5 of the Dungeon
  4022 | D:5      | Found a runed door.
  4032 | D:5      | Learned a level 5 spell: Blade Hands
  4033 | D:5      | Noticed Crazy Yiuf
  4038 | D:5      | Killed Crazy Yiuf
  4270 | D:5      | Found a hide-covered altar of Uskayaw.
  4350 | D:6      | Found Sesaira's Antique Weapon Boutique.
  4352 | D:6      | Found Imurupt's Distillery.
  4378 | D:6      | Found Gucirr's Distillery.
  4382 | D:6      | Bought a potion of flight for 36 gold pieces
  4388 | D:6      | Bought a potion of curing for 33 gold pieces
  4388 | D:6      | Bought a potion of curing for 33 gold pieces
  4410 | D:6      | Reached ** piety under Cheibriados
  4465 | D:6      | Reached XP level 8. HP: 57/59 MP: 11/14
  4485 | D:6      | Found a white marble altar of Elyvilon.
  4527 | D:6      | Found a staircase to the Ecumenical Temple.
  4651 | D:6      | Reached skill level 2 in Fighting
  4700 | D:6      | Found a shadowy altar of Dithmenos.
  4772 | D:6      | Found Vyneiwk's Jewellery Boutique.
  5067 | D:6      | Found a glowing golden altar of the Shining One.
  5093 | D:6      | Reached skill level 3 in Fighting
  5151 | D:6      | Found Coacamm's Gadget Emporium.
  5342 | D:7      | Reached skill level 4 in Fighting
  5377 | D:7      | Noticed a hippogriff
  5382 | D:7      | Killed a hippogriff
  5382 | D:7      | Reached *** piety under Cheibriados
  5382 | D:7      | Reached skill level 5 in Spellcasting
  5427 | D:7      | Reached skill level 5 in Fighting
  5582 | D:7      | Reached XP level 9. HP: 75/75 MP: 11/17
  5792 | D:7      | Noticed Prince Ribbit
  5798 | D:7      | Killed Prince Ribbit
  5798 | D:7      | Reached skill level 6 in Fighting
  6122 | D:8      | Found a shattered altar of Ashenzari.
  6377 | D:8      | Found a bloodstained altar of Trog.
  6652 | D:9      | Reached skill level 7 in Fighting
  6864 | D:9      | Noticed a troll
  6869 | D:9      | Killed a troll
  6924 | D:9      | Found a hazy altar of Hepliaklqana.
  7028 | D:9      | Reached skill level 8 in Fighting
  7028 | D:9      | Reached skill level 5 in Dodging
  7114 | D:9      | Noticed Gastronok
  7134 | D:9      | Killed Gastronok
  7134 | D:9      | Reached skill level 9 in Fighting
  7134 | D:9      | Reached XP level 10. HP: 43/93 MP: 14/19
  7313 | D:10     | Entered Level 10 of the Dungeon
  7332 | D:10     | Reached skill level 10 in Fighting
  7395 | D:10     | Reached **** piety under Cheibriados
  7445 | D:10     | Reached skill level 11 in Fighting
  8092 | D:11     | Reached XP level 11. HP: 104/104 MP: 20/20
  8098 | D:11     | Reached ***** piety under Cheibriados
  8120 | D:11     | Found a staircase to the Orcish Mines.
  8133 | D:11     | Reached skill level 12 in Fighting
  8292 | D:11     | Reached skill level 5 in Unarmed Combat
  8554 | D:11     | Found a staircase to the Lair.
  8750 | D:11     | Noticed tmwh's ghost (journeyman GnSk)
  8845 | D:11     | Noticed a red ugly thing
  8853 | D:11     | Killed a red ugly thing
  8854 | D:11     | Found a runed gate.
  8854 | D:11     | Found a runed gate.
  8854 | D:11     | Found a runed gate.
  8854 | D:11     | Noticed a white ugly thing
  8887 | D:11     | Killed a white ugly thing
  9231 | D:12     | Found a labyrinth entrance.
  9302 | Lab      | Entered a labyrinth
  9622 | Lab      | Noticed a minotaur
  9628 | Lab      | Killed a minotaur
  9648 | Lab      | Learned a level 2 spell: Blink
  9648 | Lab      | Got a heavily runed buckler
  9671 | Lab      | Identified the +5 buckler of Xaock {rF- MR+ Int+4 SInv}
                  | (You found it in a labyrinth)
  9735 | D:12     | Annihilated by an enormous slime creature

Vault maps used:
D:1:      onia_arrival_larder, minmay_misc_feat_encased,
          chequers_serial_rivers_micro_c
D:2:      minitemple, hangedman_decor_clover_reticule, minmay_tetromino_o2
D:3:      marbit_many_paths, cheibriados_altar_1, tgw_sif
D:4:      minmay_wonky_spiral, kiku_gazebo_pond_becter, serial_glass,
          glass_columns_a, glass_columns_a
D:5:      kennysheep_mini_moat, first_ration, minmay_splitting_lines,
          uniq_crazy_yiuf_cottage
D:6:      grunt_dithmenos_smoke, kennysheep_little_box,
          minmay_temple_entry_mist, serial_shops, nicolae_shop_stone,
          nicolae_shop_stone, nicolae_shop_crystal, shop, shop, elyvilon_altar_1
D:7:      the_bakery, uniq_prince_ribbit1
D:8:      lemuel_round_altar, evilmike_ruin_ashenzari
D:9:      nicolae_overflow_crystal_walls, uniq_gastronok
D:10:     serial_glass, glass_columns_b, glass_columns_c,
          nicolae_twisting_strands, hangedman_glass_teeth, st_stairs_7,
          lemuel_flamethrower_2
D:11:     lair_entry_dummy, zombieorc2_lemuel, gammafunk_ghost_icy
D:12:     lab_entry_generic, uniq_fannar
Lab:      labyrinth_spiral, lab_statue, labyrinth_glass_1, nicolae_lab_hexagon,
          nicolae_lab_dead_end

Skill      XL: |  1  2  3  4  5  6  7  8  9 10 11 |
---------------+----------------------------------+-----
Transmutations | 3 4 5 6 7 9 |  9.0
Spellcasting   | 4 5 6 |  6.6
Dodging        | 3 6 7 8 |  8.1
Fighting       | 5 9 11 12 | 12.0
Unarmed Combat | 9 |  9.1

Action                   |  1- 3 |  4- 6 |  7- 9 | 10-12 || total
-------------------------+-------+-------+-------+-------++-------
Melee: Unarmed           |   111 |   199 |   273 |   286 ||   869
       Tailslap          |    14 |    16 |    46 |    49 ||   125
       Kick              |     4 |    41 |    58 |    26 ||   129
       Headbutt          |     9 |     2 |       |       ||    11
       Punch             |       |     2 |     4 |     7 ||    13
 Cast: Beastly Appendage |    28 |    30 |    31 |    13 ||   102
       Spider Form       |       |     4 |     3 |       ||     7
       Blade Hands       |       |       |    21 |    19 ||    40
       Blink             |       |       |       |     1 ||     1
  Use: Scroll            |     4 |    13 |     4 |     5 ||    26
       Potion            |       |     1 |       |       ||     1
 Stab: Sleeping          |     2 |     1 |     2 |     3 ||     8
  Eat: Chunk             |     3 |     7 |     9 |    11 ||    30
       Ration            |       |       |     1 |       ||     1
Armor: Skin              |    27 |    77 |    73 |    57 ||   234
Dodge: Dodged            |    68 |   166 |   246 |   334 ||   814

Table legend:
 A = Non-vault XP
 B = Vault XP
 C = Vault XP percentage of total XP
 D = Non-vault monster count
 E = Vault monster count
 F = Vault count percentage of total count
                 A         B        C        D         E       F
            +---------+---------+-------+---------+---------+-------
      Total |   15456 |    4828 |  23.8 |     222 |      51 |  18.7
            +---------+---------+-------+---------+---------+-------
        D:1 |      28 |       8 |  22.2 |      17 |       5 |  22.7
        D:2 |     164 |       2 |   1.2 |      28 |       1 |   3.4
        D:3 |      49 |      38 |  43.7 |       8 |       2 |  20.0
        D:4 |     412 |      70 |  14.5 |      20 |       1 |   4.8
        D:5 |     330 |      40 |  10.8 |      11 |       1 |   8.3
        D:6 |     792 |       0 |   0.0 |      26 |       0 |   0.0
        D:7 |     835 |     501 |  37.5 |      13 |       2 |  13.3
        D:8 |     505 |       0 |   0.0 |       6 |       0 |   0.0
        D:9 |     924 |    2130 |  69.7 |      12 |       1 |   7.7
       D:10 |    3833 |      55 |   1.4 |      31 |       1 |   3.1
       D:11 |    7538 |     745 |   9.0 |      49 |      36 |  42.4
       D:12 |      46 |       0 |   0.0 |       1 |       0 |   0.0
        Lab |       0 |    1239 | 100.0 |       0 |       1 | 100.0
            +---------+---------+-------+---------+---------+-------
